[Event "ETCC Open 2023"]
[Site "Budva"]
[Date "2023.11.13"]
[Round "3.67"]
[White "Pancevski, Filip"]
[Black "Egilstoft, Rogvi"]
[Result "1/2-1/2"]
[ECO "A26"]
[WhiteElo "2441"]
[BlackElo "2254"]
[Annotator "RC"]
[PlyCount "79"]
[EventDate "2023.11.10"]
[EventType "team-tourn"]
[EventCountry "MNE"]
[SourceTitle "playchess.com"]
[Source "ChessBase"]
[SourceQuality "1"]
[WhiteTeam "Macedonia"]
[BlackTeam "Faroe Islands"]
[WhiteTeamCountry "MKD"]
[BlackTeamCountry "FAI"]
[TimeControl "40/5400+30:1800+30"]

1. g3 g6 2. c4 Bg7 3. Nc3 f5 4. Bg2 Nf6 5. d3 d6 6. e4 Nc6 7. Nge2 O-O 8. h3 e5 9. O-O Nd4 10. Nxd4 exd4 11. Ne2 c5 12. exf5 Bxf5 13. Bg5 Qd7 14. Kh2 Rae8 15. Nf4 b5 16. b3 h6 17. Bxf6 Bxf6 18. Nd5 Be6 19. cxb5 Be5 20. f4 Bg7 21. a4 Rf5 22. g4 Rxd5 23. Be4 g5 24. Qf3 Qf7 25. f5 Re5 26. fxe6 Qxe6 27. Rae1 Rf8 28. Bf5 Qxb3 29. Rxe5 Bxe5+ 30. Kh1 Kg7 31. Rf2 Rf7 32. Kg2 Bf4 33. Qe4 Be5 34. Qc6 Qxa4 35. Re2 Qb3 36. Qe8 Qd5+ 37. Be4 Qb3 38. Bf5 Qd5+ 39. Be4 Qb3 40. Bf5 1/2-1/2

[Event "ETCC Open 2023"]
[Site "Budva"]
[Date "2023.11.13"]
[Round "3.68"]
[White "Rodgaard, John"]
[Black "Lazov, Toni"]
[Result "1/2-1/2"]
[ECO "E94"]
[WhiteElo "2281"]
[BlackElo "2377"]
[Annotator "ChessBase"]
[PlyCount "64"]
[EventDate "2023.11.10"]
[EventType "team-tourn"]
[EventCountry "MNE"]
[SourceTitle "playchess.com"]
[Source "ChessBase"]
[SourceQuality "1"]
[WhiteTeam "Faroe Islands"]
[BlackTeam "Macedonia"]
[WhiteTeamCountry "FAI"]
[BlackTeamCountry "MKD"]
[TimeControl "40/5400+30:1800+30"]

1. Nf3 g6 2. c4 Bg7 3. d4 d6 4. Nc3 Nd7 5. e4 e5 6. Be2 Ngf6 7. O-O O-O 8. Qc2 Qe7 9. Rd1 c6 10. Rb1 a5 11. dxe5 dxe5 12. Na4 Re8 13. h3 b6 14. Be3 Rb8 15. c5 b5 16. Nb6 Bf8 17. Rbc1 Nxb6 18. cxb6 Bb7 19. Nd2 a4 20. b3 a3 21. f3 Nd7 22. Nb1 Red8 23. Bf1 Ba8 24. Qf2 Qe6 25. Kh2 Bb4 26. h4 f5 27. exf5 gxf5 28. g3 Rf8 29. Rc2 Rf7 30. Bh3 Bf8 31. Nc3 Kh8 32. Ne4 Qg6 1/2-1/2

[Event "ETCC Open 2023"]
[Site "Budva"]
[Date "2023.11.13"]
[Round "3.69"]
[White "Saraci, Nderim"]
[Black "Pasko, Llambi"]
[Result "1-0"]
[ECO "C56"]
[WhiteElo "2466"]
[BlackElo "2395"]
[Annotator "RC"]
[PlyCount "127"]
[EventDate "2023.11.10"]
[EventType "team-tourn"]
[EventCountry "MNE"]
[SourceTitle "playchess.com"]
[Source "ChessBase"]
[SourceQuality "1"]
[WhiteTeam "Kosovo"]
[BlackTeam "Albania"]
[WhiteTeamCountry "KOS"]
[BlackTeamCountry "ALB"]
[TimeControl "40/5400+30:1800+30"]

1. e4 e5 2. Nf3 Nc6 3. d4 exd4 4. Bc4 Nf6 5. e5 d5 6. Bb5 Ne4 7. Nxd4 Bd7 8. Bxc6 bxc6 9. O-O Bc5 10. Be3 Bb6 11. f3 Ng5 12. f4 Ne4 13. Nd2 Nxd2 14. Qxd2 Qe7 15. Nb3 O-O 16. Qf2 f6 17. Bc5 Qe6 18. exf6 Qxf6 19. c3 Rae8 20. a4 Bg4 21. Rae1 Rxe1 22. Rxe1 Qxf4 23. Qxf4 Bxc5+ 24. Nxc5 Rxf4 25. h3 Bf5 26. Re8+ Kf7 27. Ra8 Rc4 28. b4 Ke7 29. Rxa7 Kd6 30. a5 Rxc3 31. a6 d4 32. Ra8 d3 33. Nxd3 Ra3 34. Nc5 Ke5 35. a7 Kf4 36. Rf8 Rxa7 37. g4 Kg3 38. Rxf5 Ra1+ 39. Rf1 Ra2 40. Rf7 Ra1+ 41. Rf1 Ra2 42. Ne4+ Kxh3 43. Rf4 g5 44. Rf5 Kxg4 45. Rxg5+ Kf4 46. Ra5 Rb2 47. Nc5 Ke3 48. Na6 Kd4 49. Rh5 Ra2 50. Nb8 Rc2 51. Kf1 Rc4 52. Ke2 Kc3 53. Na6 Re4+ 54. Kf3 Re6 55. Rxh7 c5 56. Nxc7 Rg6 57. b5 Kb4 58. b6 Ka5 59. Nd5 Kb5 60. Rh8 Rg7 61. Rh6 Ka6 62. Ke4 Rg4+ 63. Ke5 c4 64. Rc6 1-0

[Event "ETCC Open 2023"]
[Site "Budva"]
[Date "2023.11.13"]
[Round "3.70"]
[White "Mehmeti, Dritan"]
[Black "Uruci, Endrit"]
[Result "1-0"]
[ECO "D18"]
[WhiteElo "2377"]
[BlackElo "2315"]
[Annotator "ChessBase"]
[PlyCount "63"]
[EventDate "2023.11.10"]
[EventType "team-tourn"]
[EventCountry "MNE"]
[SourceTitle "playchess.com"]
[Source "ChessBase"]
[SourceQuality "1"]
[WhiteTeam "Albania"]
[BlackTeam "Kosovo"]
[WhiteTeamCountry "ALB"]
[BlackTeamCountry "KOS"]
[TimeControl "40/5400+30:1800+30"]

1. d4 d5 2. Nf3 Nf6 3. c4 c6 4. Nc3 dxc4 5. a4 Bf5 6. e3 e6 7. Bxc4 a5 8. O-O Be7 9. Re1 O-O 10. e4 Bg4 11. Be3 Na6 12. h3 Bh5 13. g4 Bg6 14. Ne5 Nb4 15. Qe2 Nd7 16. f4 Nxe5 17. dxe5 Bh4 18. Red1 Qe7 19. f5 exf5 20. exf5 Qxe5 21. Bb6 Qg3+ 22. Qg2 Qf4 23. Bb3 Kh8 24. fxg6 fxg6 25. Rf1 Qe5 26. Rf3 Be7 27. Raf1 Rxf3 28. Qxf3 Bd6 29. Rf2 Qe1+ 30. Kg2 Re8 31. Bd4 h6 32. Qf7 1-0

[Event "ETCC Open 2023"]
[Site "Budva"]
[Date "2023.11.13"]
[Round "3.71"]
[White "Asllani, Muhamet"]
[Black "Ashiku, Franc"]
[Result "0-1"]
[ECO "B45"]
[WhiteElo "2216"]
[BlackElo "2396"]
[Annotator "ChessBase"]
[PlyCount "70"]
[EventDate "2023.11.10"]
[EventType "team-tourn"]
[EventCountry "MNE"]
[SourceTitle "playchess.com"]
[Source "ChessBase"]
[SourceQuality "1"]
[WhiteTeam "Kosovo"]
[BlackTeam "Albania"]
[WhiteTeamCountry "KOS"]
[BlackTeamCountry "ALB"]
[TimeControl "40/5400+30:1800+30"]

1. e4 c5 2. Nf3 e6 3. d4 cxd4 4. Nxd4 Nc6 5. Be3 Nf6 6. Nc3 Bb4 7. Nxc6 bxc6 8. Bd3 d5 9. exd5 Nxd5 10. Bd2 Nxc3 11. bxc3 Bd6 12. Qf3 Qc7 13. h3 O-O 14. O-O f5 15. Bc4 Kh8 16. Rad1 e5 17. Qh5 Bd7 18. Bg5 Be8 19. Qh4 Bf7 20. Bb3 Rae8 21. Rd2 Bxb3 22. axb3 f4 23. Rfd1 Re6 24. Qg4 Rg6 25. h4 h6 26. Qh5 Kh7 27. c4 Qf7 28. Qf3 Bc5 29. Bd8 Qf5 30. Kh1 e4 31. Qh3 f3 32. Qxf5 fxg2+ 33. Kh2 Rxf5 34. Rg1 Bxf2 35. Rxg2 e3 0-1

[Event "ETCC Open 2023"]
[Site "Budva"]
[Date "2023.11.13"]
[Round "3.72"]
[White "Veleshnja, Zino"]
[Black "Saraci, Korab"]
[Result "1-0"]
[ECO "B06"]
[WhiteElo "2269"]
[BlackElo "2200"]
[Annotator "ChessBase"]
[PlyCount "101"]
[EventDate "2023.11.10"]
[EventType "team-tourn"]
[EventCountry "MNE"]
[SourceTitle "playchess.com"]
[Source "ChessBase"]
[SourceQuality "1"]
[WhiteTeam "Albania"]
[BlackTeam "Kosovo"]
[WhiteTeamCountry "ALB"]
[BlackTeamCountry "KOS"]
[TimeControl "40/5400+30:1800+30"]

1. d4 d6 2. e4 g6 3. Nc3 Bg7 4. Bf4 c6 5. Qd2 Nd7 6. Nf3 Qa5 7. a3 e5 8. dxe5 dxe5 9. Be3 Ngf6 10. Bc4 O-O 11. O-O Qc7 12. Rad1 Nb6 13. Bb3 Bg4 14. Bc5 Bxf3 15. Bxf8 Bxd1 16. Bxg7 Kxg7 17. Rxd1 Nbd7 18. Bc4 Nc5 19. b4 Ncd7 20. Bb3 Re8 21. Qe3 b5 22. a4 a6 23. axb5 axb5 24. h3 Re7 25. Rd2 Qb7 26. g3 Qa8 27. Qd3 Nf8 28. Qd8 Qxd8 29. Rxd8 Ne6 30. Bxe6 Rxe6 31. f3 c5 32. bxc5 Rc6 33. Nxb5 Rxc5 34. Na3 h5 35. h4 Nh7 36. c4 Ra5 37. Nb5 Nf8 38. Nd6 Ra1+ 39. Kf2 Ra2+ 40. Ke3 Ra3+ 41. Kf2 Ra2+ 42. Ke1 Ra1+ 43. Kd2 Ra2+ 44. Kd1 Ra1+ 45. Kc2 Rf1 46. Ne8+ Kh7 47. Nc7 Kg7 48. Rd3 Rg1 49. c5 Kf6 50. c6 Ke7 51. Nd5+ 1-0

[Event "ETCC Open 2023"]
[Site "Budva"]
[Date "2023.11.13"]
[Round "3.73"]
[White "Tomic, Aleksandar"]
[Black "Muir, Andrew J"]
[Result "1-0"]
[ECO "E14"]
[WhiteElo "2411"]
[BlackElo "2227"]
[Annotator "RC"]
[PlyCount "98"]
[EventDate "2023.11.10"]
[EventType "team-tourn"]
[EventCountry "MNE"]
[SourceTitle "playchess.com"]
[Source "ChessBase"]
[SourceQuality "1"]
[WhiteTeam "Montenegro"]
[BlackTeam "Scotland"]
[WhiteTeamCountry "MNE"]
[BlackTeamCountry "SCO"]
[TimeControl "40/5400+30:1800+30"]

1. Nf3 d5 2. b3 Nf6 3. Bb2 e6 4. e3 b6 5. c4 Bb7 6. Nc3 Be7 7. cxd5 exd5 8. d4 O-O 9. Bd3 c5 10. O-O Nc6 11. Ne2 Bd6 12. Rc1 Qe7 13. Ng3 g6 14. Re1 Rad8 15. Ba1 Ne4 16. Bb1 Rfe8 17. Qe2 Ng5 18. Ne5 f6 19. Nxc6 Bxc6 20. h4 Ne6 21. Qg4 Qg7 22. Qf3 Rf8 23. Red1 Bb7 24. Ne2 Qe7 25. Nc3 cxd4 26. exd4 Bf4 27. Rc2 Rfe8 28. Re2 Qd6 29. Rde1 Kf7 30. Nb5 Qb8 31. h5 Ng5 32. Qd3 Ne4 33. Qh3 Kg7 34. g3 a6 35. gxf4 axb5 36. f3 Nd6 37. Re7+ Rxe7 38. Rxe7+ Nf7 39. h6+ Kh8 40. Rxf7 Qxf4 41. Qe6 Qg3+ 42. Kf1 Qxf3+ 43. Ke1 Qh1+ 44. Ke2 Qg2+ 45. Kd3 Qf3+ 46. Kc2 Qf2+ 47. Kc3 b4+ 48. Kxb4 Qd2+ 49. Bc3 Bc8 1-0

[Event "ETCC Open 2023"]
[Site "Budva"]
[Date "2023.11.13"]
[Round "3.74"]
[White "Morrison, Graham"]
[Black "Sukovic, Andrej"]
[Result "1/2-1/2"]
[ECO "E11"]
[WhiteElo "2221"]
[BlackElo "2382"]
[Annotator "ChessBase"]
[PlyCount "60"]
[EventDate "2023.11.10"]
[EventType "team-tourn"]
[EventCountry "MNE"]
[SourceTitle "playchess.com"]
[Source "ChessBase"]
[SourceQuality "1"]
[WhiteTeam "Scotland"]
[BlackTeam "Montenegro"]
[WhiteTeamCountry "SCO"]
[BlackTeamCountry "MNE"]
[TimeControl "40/5400+30:1800+30"]

1. d4 Nf6 2. c4 e6 3. Nf3 Bb4+ 4. Bd2 a5 5. g3 d6 6. Bg2 Nbd7 7. O-O e5 8. Qc2 O-O 9. e4 exd4 10. Nxd4 Re8 11. h3 c6 12. Bxb4 axb4 13. Nd2 Nc5 14. Rfe1 Qb6 15. N2b3 Nxb3 16. Nxb3 Be6 17. Kh2 Nd7 18. f4 Nc5 19. f5 Bd7 20. Qd2 Nxb3 21. axb3 Rxa1 22. Rxa1 c5 23. Rd1 f6 24. Qxd6 Qxd6 25. Rxd6 Bc6 26. Rd2 Kf8 27. g4 Bxe4 28. Re2 Bd3 29. Rxe8+ Kxe8 30. Bxb7 Kd7 1/2-1/2

[Event "ETCC Open 2023"]
[Site "Budva"]
[Date "2023.11.13"]
[Round "3.75"]
[White "Pecurica, Milos"]
[Black "Mitchell, Martin"]
[Result "1-0"]
[ECO "A70"]
[WhiteElo "2342"]
[BlackElo "2186"]
[Annotator "ChessBase"]
[PlyCount "87"]
[EventDate "2023.11.10"]
[EventType "team-tourn"]
[EventCountry "MNE"]
[SourceTitle "playchess.com"]
[Source "ChessBase"]
[SourceQuality "1"]
[WhiteTeam "Montenegro"]
[BlackTeam "Scotland"]
[WhiteTeamCountry "MNE"]
[BlackTeamCountry "SCO"]
[TimeControl "40/5400+30:1800+30"]

1. d4 Nf6 2. c4 e6 3. Nf3 c5 4. d5 exd5 5. cxd5 d6 6. Nc3 g6 7. e4 Bg7 8. h3 O-O 9. Bd3 b5 10. Bxb5 Nxe4 11. Nxe4 Qa5+ 12. Nfd2 Qxb5 13. Nxd6 Qa6 14. N2c4 Nd7 15. O-O Ne5 16. Nxc8 Raxc8 17. Nxe5 Bxe5 18. Qf3 Rfe8 19. Rd1 c4 20. Rb1 Qxa2 21. Bg5 Bxb2 22. Rxb2 Qxb2 23. d6 Qe2 24. Qxe2 Rxe2 25. d7 Ree8 26. dxe8=Q+ Rxe8 27. Ra1 Ra8 28. Ra4 c3 29. Rc4 a5 30. Rxc3 a4 31. Bc1 f5 32. Ba3 Ra7 33. Rc4 Kf7 34. Kf1 Ke6 35. Ke2 Kd5 36. Kd3 Ra5 37. Rd4+ Ke5 38. f4+ Ke6 39. Rd6+ Kf7 40. Rd7+ Ke6 41. Re7+ Kf6 42. Rxh7 Rd5+ 43. Ke3 Rb5 44. Rd7 1-0

[Event "ETCC Open 2023"]
[Site "Budva"]
[Date "2023.11.13"]
[Round "3.76"]
[White "Levy, David N L"]
[Black "Pobor, Milo"]
[Result "0-1"]
[ECO "B26"]
[WhiteElo "2221"]
[BlackElo "2195"]
[Annotator "ChessBase"]
[PlyCount "62"]
[EventDate "2023.11.10"]
[EventType "team-tourn"]
[EventCountry "MNE"]
[SourceTitle "playchess.com"]
[Source "ChessBase"]
[SourceQuality "1"]
[WhiteTeam "Scotland"]
[BlackTeam "Montenegro"]
[WhiteTeamCountry "SCO"]
[BlackTeamCountry "MNE"]
[TimeControl "40/5400+30:1800+30"]

1. e4 c5 2. Nc3 Nc6 3. g3 g6 4. Bg2 Bg7 5. d3 d6 6. Nge2 e6 7. O-O Nge7 8. Bg5 O-O 9. Qd2 Rb8 10. Bh6 Bxh6 11. Qxh6 Nd4 12. Nxd4 cxd4 13. Ne2 e5 14. f4 f5 15. h4 Kh8 16. fxe5 dxe5 17. Rf2 Ng8 18. Qd2 Nf6 19. Bf3 Be6 20. Raf1 Qc7 21. c4 Kg7 22. h5 fxe4 23. Bxe4 Nxe4 24. dxe4 Bxc4 25. hxg6 hxg6 26. Rc1 Rxf2 27. Kxf2 Qf7+ 28. Kg2 Rf8 29. Nxd4 Bf1+ 30. Kg1 exd4 31. Qxd4+ Kg8 0-1

[Event "ETCC Open 2023"]
[Site "Budva"]
[Date "2023.11.14"]
[Round "4.1"]
[White "Keymer, Vincent"]
[Black "Wojtaszek, Radoslaw"]
[Result "1/2-1/2"]
[ECO "E14"]
[WhiteElo "2721"]
[BlackElo "2668"]
[Annotator "TA"]
[PlyCount "96"]
[EventDate "2023.11.10"]
[EventType "team-tourn"]
[EventCountry "MNE"]
[SourceTitle "playchess.com"]
[Source "ChessBase"]
[SourceQuality "1"]
[WhiteTeam "Germany"]
[BlackTeam "Poland"]
[WhiteTeamCountry "GER"]
[BlackTeamCountry "POL"]
[TimeControl "40/5400+30:1800+30"]

1. d4 Nf6 2. Nf3 d5 3. e3 e6 4. Nbd2 b6 5. b3 Bb7 6. Bb2 Bd6 7. Bd3 O-O 8. O-O Nbd7 9. c4 $1 {[%emt 0:00:11][%mdl 4] is more profitable than 9.Ne5 at the moment.} c5 10. Qe2 cxd4 {[%emt 0:09:12] E14: Queen's Indian: Classical Variation (4 e3).} 11. exd4 Qe7 12. a3 Bf4 {[%emt 0:16:34] [#]} 13. a4 $146 ({Predecessor:} 13. Rfe1 Rfd8 14. a4 Bd6 15. a5 Bb4 16. axb6 axb6 17. Rxa8 Rxa8 18. Ra1 Rxa1+ 19. Bxa1 Qd8 20. Qd1 Qa8 21. Bf1 h6 22. Qc1 {½-½ Bruno,F (2436)-Godena,M (2495) ITA-ch 74th Boscotrecase 2014 (7)}) 13... Rfd8 14. a5 Rac8 15. Rfd1 (15. g3 {is interesting.} Bd6 16. Ne5 dxc4 17. bxc4 Bxe5 18. dxe5 Ng4 19. Qxg4 Nc5 20. Bxh7+ Kxh7 21. Nf3) 15... Qd6 16. a6 Ba8 17. Nb1 dxc4 18. bxc4 {[%emt 0:00:07][%cal Bb3c4,Bc4c5][%mdl 32] [#]} b5 19. c5 Qb8 20. Na3 e5 {[%emt 0:11:13][%mdl 64] Deflection} 21. Nxe5 (21. Nxb5 $2 e4 22. Bxe4 Bxe4 $19) 21... Nxe5 22. dxe5 {[%emt 0:00:03] And now g3 would win.} Rxc5 (22... Re8 $1 $11) 23. Nxb5 $16 {[%emt 0:11:34] Hoping for Nd6.} (23. exf6 Re8 24. Bxh7+ (24. Qg4 Rg5 $15) 24... Kxh7 25. Qd3+ (25. Qg4 $2 Rg5 $19) 25... Kg8 $17) 23... Re8 (23... Bxe5 $2 24. Bxe5 Rxe5 25. Bxh7+ Kxh7 26. Rxd8 Qxd8 27. Qxe5 $18) (23... Rxd3 24. Rxd3 (24. Qxd3 Rxb5 25. exf6 Bxh2+ 26. Kf1 Rd5 $18) 24... Be4 25. Nxa7 (25. exf6 Bxd3 26. Qxd3 Rxb5 $16) 25... Bxe5 26. Nc6 Bxh2+ 27. Kh1 Bxd3 28. Qxd3 Rxc6 29. a7 $18) (23... Rxe5 $16 {is a better defense.} 24. Bxe5 Bxe5) 24. Nd6 $18 Rexe5 25. Bxe5 Bxe5 (25... Rxe5 $142 26. Qc2 (26. Qa2 Bd5 $14) 26... Bxg2) 26. Rab1 Qxd6 {[%emt 0:00:31] [#]} 27. Bxh7+ $1 {[%emt 0:00:13][%mdl 576] Discovered Attack} Kxh7 28. Rxd6 Bxd6 29. Qd3+ Ne4 30. Rd1 $2 (30. f3 $18 Rc3 31. Qd1) 30... Rh5 (30... Bc7 $1 $11 {remains equal.}) 31. f3 {[%emt 0:02:13][%mdl 64] Pin} Bxh2+ 32. Kf1 $1 Bc6 33. Rb1 {[%emt 0:01:22] Prevents Bb5} (33. fxe4 $2 {too greedy.} Bb5 $19) 33... Rf5 {[%emt 0:01:26] [#]} 34. Rb4 ({White must play} 34. Ke2 $1 $16 Ng3+ 35. Ke1) 34... g6 $1 $11 (34... Ng3+ $2 35. Ke1 g5 36. Qc2 $18 (36. Rb7 Kg7 $16)) 35. Rxe4 {[%emt 0:01:13] [#]} (35. Qe3 $1 $11) 35... Bb5 $1 $36 {[%emt 0:00:16][%mdl 2048] Keeping White busy. This pair of bishops is nice.} 36. Rh4+ Kg7 37. Qxb5 Rxb5 38. Rxh2 {[%emt 0:00:03][%mdl 4096] Endgame KR-KR} Ra5 39. Kf2 Rxa6 40. Rh1 Kf6 41. Rb1 Ke5 42. Rb5+ Kd4 ({Black should play} 42... Kd6 $17 {Threatens to win with ...Ra2+.} 43. Rb7 Ra2+ 44. Ke3 Ke6) 43. Rb7 $11 f6 44. Re7 Kd5 45. f4 $1 Ra3 (45... Ra2+ $15 46. Kf3 a5 47. Rd7+ Ke6) 46. g4 {[%emt 0:00:00] The position is equal.} a5 47. Rf7 Ke6 48. Rg7 g5 {[%emt 0:00:00] What a bad dream for Black.   Weighted Error Value: White=0.27 (precise) /Black=0.24 (precise)} 1/2-1/2

[Event "ETCC Open 2023"]
[Site "Budva"]
[Date "2023.11.14"]
[Round "4.2"]
[White "Teclaf, Pawel"]
[Black "Svane, Rasmus"]
[Result "1/2-1/2"]
[ECO "D00"]
[WhiteElo "2571"]
[BlackElo "2647"]
[Annotator "TA"]
[PlyCount "63"]
[EventDate "2023.11.10"]
[EventType "team-tourn"]
[EventCountry "MNE"]
[SourceTitle "playchess.com"]
[Source "ChessBase"]
[SourceQuality "1"]
[WhiteTeam "Poland"]
[BlackTeam "Germany"]
[WhiteTeamCountry "POL"]
[BlackTeamCountry "GER"]
[TimeControl "40/5400+30:1800+30"]

1. d4 Nf6 2. Bg5 d5 3. e3 c5 4. c3 cxd4 5. exd4 Nc6 6. Nd2 {[%emt 0:00:28] D00: 1 d4 d5: Unusual lines.} Qc7 7. Be2 Bf5 8. Ngf3 e6 {[%emt 0:05:52] [#]} (8... h6 $5 9. Bxf6 gxf6 $11) 9. Nh4 $146 ({Predecessor:} 9. Bh4 Bd6 10. Bg3 O-O 11. Bxd6 Qxd6 12. O-O Rab8 13. Qa4 Qc7 14. Nb3 {1-0 Narciso Dublan,M (2553)-Peralta,F (2545) Badalona op 35th 2009 (9)}) 9... Bg6 (9... Be4 {seems wilder.} 10. O-O Be7 11. g3 h6) 10. g3 Nd7 11. a4 Bd6 12. Nxg6 hxg6 13. Bd3 Be7 14. Be3 e5 15. dxe5 Ndxe5 16. Nf3 Nxf3+ 17. Qxf3 Rd8 18. O-O O-O 19. Rad1 Bf6 20. Bb5 a6 21. Bxc6 bxc6 22. Bd4 Bxd4 23. Rxd4 Rfe8 24. Rfd1 a5 25. c4 dxc4 26. Rxd8 Rxd8 {[%emt 0:00:05] The position is equal.} 27. Rxd8+ Qxd8 28. Qxc6 $11 {[%emt 0:00:03] KQ-KQ} Qd4 29. Qc8+ Kh7 30. Qh3+ Kg8 31. Qc8+ Kh7 32. Qh3+ {[%emt 0:01:10] Weighted Error Value: White=0.07 (flawless) /Black=0.07 (flawless)} 1/2-1/2

[Event "ETCC Open 2023"]
[Site "Budva"]
[Date "2023.11.14"]
[Round "4.3"]
[White "Bluebaum, Matthias"]
[Black "Bartel, Mateusz"]
[Result "1/2-1/2"]
[ECO "A17"]
[WhiteElo "2670"]
[BlackElo "2651"]
[Annotator "TA"]
[PlyCount "59"]
[EventDate "2023.11.10"]
[EventType "team-tourn"]
[EventCountry "MNE"]
[SourceTitle "playchess.com"]
[Source "ChessBase"]
[SourceQuality "1"]
[WhiteTeam "Germany"]
[BlackTeam "Poland"]
[WhiteTeamCountry "GER"]
[BlackTeamCountry "POL"]
[TimeControl "40/5400+30:1800+30"]

1. Nf3 Nf6 2. c4 e6 3. Nc3 d5 4. e3 a6 5. b3 Bd6 6. Bb2 {[%emt 0:00:36] A17: English Opening: 1...Nf6 with ...Bb4.} O-O 7. g4 {[%emt 0:09:04] 7.g3 gains popularity.} Nxg4 8. Rg1 {[%emt 0:05:38] Black has an edge.} f5 (8... Nf6 $15) 9. h3 $11 Nf6 10. cxd5 e5 11. Ng5 Qe7 12. Qc2 ({White should try} 12. Ne6 $14 Bxe6 13. dxe6) 12... c6 ({Resist} 12... h6 13. Ne6 Bxe6 14. dxe6 $16) (12... Kh8 $5 ) 13. Ne6 Bxe6 14. dxe6 Qxe6 (14... Nd5 $1 $15) 15. Bc4 Nd5 {[%emt 0:00:26] [#] ...b5 would be deadly.} 16. Qd3 $146 (16. e4 {is interesting.} fxe4 17. Qxe4 b5 18. Nxd5 bxc4 19. Nb6) ({Predecessor:} 16. e4 fxe4 17. Qxe4 Kh8 18. Nxd5 cxd5 19. Bxd5 Qe7 20. Bxb7 Ra7 21. Bd5 Nd7 22. Bc4 {1-0 Delgado Ramirez,N (2619)-Vazquez,G (2501) PAR-ch Asuncion 2019 (4)}) 16... b5 17. Bxd5 (17. Nxd5 {seems wilder.} bxc4 18. Nf4 Rf7 19. Nxe6 cxd3 20. Rc1) 17... cxd5 18. Qxd5 Qxd5 {[%emt 0:00:11] The position is equal.} 19. Nxd5 Nd7 20. Ke2 Kf7 21. f4 Rfe8 22. Rac1 {[%emt 0:04:53] [#] Hoping for Nc7.} Rac8 {[%emt 0:00:18] Against Nc7} 23. fxe5 Nxe5 24. Rxc8 Rxc8 25. Rf1 Ke6 26. Nf4+ Ke7 27. Nd5+ {[%emt 0:02:24][%mdl 64] [#] Discovered Attack} Ke6 28. Nf4+ Ke7 29. Nd5+ {[%emt 0:00:27][%mdl 64] Discovered Attack} Ke6 30. Nf4+ {[%emt 0:28:12] Not much happened in this game.   Weighted Error Value: White=0.11 (very precise) /Black=0.14 (very precise)} 1/2-1/2

[Event "ETCC Open 2023"]
[Site "Budva"]
[Date "2023.11.14"]
[Round "4.4"]
[White "Gumularz, Szymon"]
[Black "Kollars, Dmitrij"]
[Result "1/2-1/2"]
[ECO "A29"]
[WhiteElo "2580"]
[BlackElo "2642"]
[Annotator "ChessBase"]
[PlyCount "142"]
[EventDate "2023.11.10"]
[EventType "team-tourn"]
[EventCountry "MNE"]
[SourceTitle "playchess.com"]
[Source "ChessBase"]
[SourceQuality "1"]
[WhiteTeam "Poland"]
[BlackTeam "Germany"]
[WhiteTeamCountry "POL"]
[BlackTeamCountry "GER"]
[TimeControl "40/5400+30:1800+30"]

1. c4 Nf6 2. Nc3 e5 3. Nf3 Nc6 4. g3 Bb4 5. Bg2 O-O 6. O-O Bxc3 7. bxc3 Re8 8. d3 e4 9. Nd4 exd3 10. exd3 d5 11. Nxc6 bxc6 12. Bg5 Bf5 13. cxd5 cxd5 14. Qf3 Be6 15. Rfe1 h6 16. Be3 Nd7 17. Qf4 c6 18. Qa4 Qc8 19. Bf4 Nb6 20. Qa5 Bf5 21. Bf1 Re6 22. a4 c5 23. Rxe6 Bxe6 24. Be3 Nd7 25. Rb1 Rb8 26. Rxb8 Qxb8 27. Qb5 Qc8 28. d4 c4 29. Bf4 a6 30. Qb4 Nf6 31. f3 Bh3 32. Be2 Qf5 33. Qb2 Qe6 34. Kf2 Bf5 35. Qb8+ Kh7 36. Qd6 g5 37. Qxe6 Bxe6 38. Be5 Kg6 39. Bd1 Ne8 40. a5 Bd7 41. Bc2+ f5 42. g4 Nf6 43. Kg2 Ng8 44. gxf5+ Bxf5 45. Ba4 Bc8 46. Be8+ Kf5 47. Bg7 Ke6 48. Bh5 Ke7 49. Kg3 Be6 50. f4 Kd7 51. fxg5 hxg5 52. Bd1 Ke7 53. Ba4 Kf7 54. Be5 Ne7 55. Bc7 Bc8 56. Kf3 Nf5 57. Bd8 Nd6 58. Bxg5 Ne4 59. Kf4 Nxc3 60. Bc2 Na2 61. Bf5 Bxf5 62. Kxf5 c3 63. Ke5 c2 64. Kxd5 c1=Q 65. Bxc1 Nxc1 66. Kc4 Ke6 67. h4 Kd6 68. h5 Ne2 69. h6 Nf4 70. d5 Ng6 71. Kd4 Nh8 1/2-1/2

[Event "ETCC Open 2023"]
[Site "Budva"]
[Date "2023.11.14"]
[Round "4.5"]
[White "Kadric, Denis"]
[Black "Nikolovski, Nikola"]
[Result "1-0"]
[ECO "C02"]
[WhiteElo "2584"]
[BlackElo "2405"]
[Annotator "TA"]
[PlyCount "69"]
[EventDate "2023.11.10"]
[EventType "team-tourn"]
[EventCountry "MNE"]
[SourceTitle "playchess.com"]
[Source "ChessBase"]
[SourceQuality "1"]
[WhiteTeam "Montenegro"]
[BlackTeam "Macedonia"]
[WhiteTeamCountry "MNE"]
[BlackTeamCountry "MKD"]
[TimeControl "40/5400+30:1800+30"]

1. e4 e6 2. d4 d5 3. e5 c5 4. c3 Nc6 5. Nf3 Bd7 6. Be2 Nge7 7. O-O Nf5 8. dxc5 Bxc5 9. b4 {[%emt 0:00:07] C02: French: Advance Variation.} Bb6 10. Bd3 Nh4 11. Re1 {[%emt 0:04:02] The position is equal.} Bc7 12. Bf4 {[%emt 0:31:51] [#]} Ng6 $146 ({Predecessor:} 12... Nxf3+ 13. Qxf3 g5 14. Bg3 h5 15. h3 g4 16. hxg4 hxg4 17. Qxg4 Qe7 18. b5 Na5 {1-0 Stevic,H (2540)-Sertic,R (2350) CRO Cup Mali Losinj 2023 (1.2)}) 13. Bg3 O-O 14. Nbd2 f5 (14... a5 $11 {keeps the balance.}) 15. exf6 $16 {[%emt 0:04:40] White now steadily converts the win.} Bxg3 16. hxg3 {[%emt 0:00:45] fxg7 is the strong threat.} Qxf6 17. Bxg6 hxg6 18. Nb3 b6 {[%emt 0:17:17] Prevents Nc5.} 19. Qd2 Rac8 20. Re3 Rc7 21. Rae1 Ne7 (21... Re8 $142 22. Qe2 Bc8) 22. Ne5 Nf5 23. Rf3 Qd8 24. Nxg6 {[%emt 0:04:13] Excellent horsemanship.} Rf6 25. Qg5 {[%emt 0:01:08] Threatens to win with Nd4.} Be8 26. Nf4 {[%emt 0:02:14] And now g4 would win.} Qc8 (26... Rc8 $142 27. Rxe6 (27. Nxe6 $2 {loses.} Rxe6 28. Qd2 Rxe1+ 29. Qxe1 Qd7 $19) 27... Rxe6 28. Nxe6 Qxg5 29. Nxg5 g6) 27. g4 $18 Nd6 {[%emt 0:04:21] [#] ...Nf7 would be deadly.} 28. Nxd5 $1 {[%emt 0:00:51][%mdl 576] Double Attack} Rxf3 29. Nxc7 ({Worse is} 29. gxf3 exd5 30. Qxd5+ Nf7 $11) 29... Rf6 30. Nxe8 Qxe8 31. Nd4 Nf7 32. Qb5 Qe7 {[%emt 0:00:50] [#]} (32... Qxb5 {is a better chance.} 33. Nxb5 a5) 33. Qc4 Ng5 34. Re5 Rh6 (34... Nf7 $142) 35. Nf5 {[%emt 0:00:15] Weighted Error Value: White=0.21 (precise) /Black=0.39} 1-0